 Dungeon Crawl Stone Soup version 0.32-a0-126-g9fbf7fb75a (webtiles) character file.

Game seed: 7297044497467135167

260797 Ge0ff the Marksmummy (level 19, -9/136 HPs)
             Began as a Mummy Artificer on Feb 7, 2024.
             Was a High Priest of Hepliaklqana.
             Mangled by Norris
             ... wielding a +0 long sword
              (15 damage)
             ... on level 2 of the Elven Halls.
             The game lasted 01:11:01 (34523 turns).

Ge0ff the Marksmummy (Mummy Artificer)             Turns: 34523, Time: 01:11:02

Health: -9/136     AC: 22    Str: 14    XL:     19   Next: 18%
Magic:  0/42       EV: 16    Int: 23    God:    Hepliaklqana [*****.]
Gold:   2256       SH:  0    Dex: 24    Spells: 30/38 levels left

rFire   + . .        a - +5 hand cannon (freeze)
rCold   + + .        (no shield)
rNeg    + + +        L - +4 swamp dragon scales "Xedotobi" {rPois rF+ Regen+}
rPois   ∞            h - +2 hat of the Bear Spirit {Spirit, Bear, *Rage Will++}
rElec   +            D - +2 cloak of Necaofon {rC+}
rCorr   +            u - +0 pair of fencer's gloves {Riposte Dex+3}
SInv    .            N - +0 pair of boots
Will    ++++.        Q - amulet of regeneration
Stlth   +            t - ring of Ussak {rElec Int+6 Dex+3 Slay+4 Stlth+, =R}
HPRegen 2.02/turn    q - ring of the Mackerel {rF+ rCorr MP+9 Str-3 Int+6}
MPRegen 0.28/turn

%: guardian spirit, faith
@: confused, fugue, studying Ice Magic, very slow
A: reduced essence, cold resistance 1, negative energy resistance 3, torment
resistance 2, heat vulnerability 1, in touch with death 2, no potions, faith
}: 2/15 runes: decaying, gossamer
a: Renounce Religion, Recall Ancestor, Ancestor Identity, Transference, Idealise


You were on level 2 of the Elven Halls.
You worshipped Hepliaklqana.
Hepliaklqana was extremely pleased with you.
You visited 7 branches of the dungeon, and saw 33 of its levels.
You also visited: Sewer, Gauntlet, Ice Cave and Volcano.

You collected 4390 gold pieces.
You spent 2134 gold pieces at shops.

Inventory:

Hand Weapons
 a - a +5 hand cannon of freezing (weapon)
 b - a +2 dagger of electrocution
 z - a +2 vampiric dagger
 H - the +8 shortbow of Ymapt {elec, rElec rCorr Str+3}
   (You found it on level 4 of the Spider Nest)

   Str+3:     It affects your strength (+3).
   rElec:     It insulates you from electricity.
   rCorr:     It protects you from acid and corrosion.
 K - a +1 dagger of venom
 S - the +5 glaive of the Guard {elec, spectral}
   (You took it off a minotaur in a Gauntlet)
Missiles
 c - 29 boomerangs
 g - 2 throwing nets {=F}
 o - 9 atropa-tipped darts
 p - 3 darts of dispersal
 v - 8 curare-tipped darts {=F}
 A - 10 javelins
 R - 29 poisoned darts
 X - 5 silver javelins
 Z - 3 datura-tipped darts {=F}
Armour
 h - the +2 hat of the Bear Spirit (worn) {Spirit, Bear, *Rage Will++}
   (You bought it in a shop on level 1 of the Orcish Mines)

   Bear:      Going berserk makes the wearer exceptionally tough, and they are
   slowed for a shorter time afterward.
   Will++:    It greatly increases your willpower.
   *Rage:     It berserks you when you make melee attacks (+20% chance).
 u - the +0 pair of fencer's gloves (worn) {Riposte Dex+3}
   (You found it on level 4 of the Spider Nest)

   Riposte:   It allows the wearer to riposte with melee weapons, swiftly
   retaliating against missed or blocked melee attacks.
   Dex+3:     It affects your dexterity (+3).
 D - the +2 cloak of Necaofon (worn) {rC+}
   (You found it in a Gauntlet)

   rC+:       It protects you from cold.
 L - the +4 swamp dragon scales "Xedotobi" (worn) {rPois rF+ Regen+}
   (You bought it in a shop on level 1 of the Orcish Mines)

   rF+:       It protects you from fire.
   rPois:     It protects you from poison Regen+: It increases your rate of
   health regeneration.
 N - a +0 pair of boots (worn)
 Y - an orb of mayhem
Jewellery
 q - the ring of the Mackerel (right hand) {rF+ rCorr MP+9 Str-3 Int+6}
   (You found it on level 14 of the Dungeon)

   [ring of intelligence]

   Str-3:     It affects your strength (-3).
   Int+6:     It affects your intelligence (+6).
   rF+:       It protects you from fire.
   MP+9:      It affects your magic capacity (+9).
   rCorr:     It protects you from acid and corrosion.
 t - the ring of Ussak (left hand) {rElec Int+6 Dex+3 Slay+4 Stlth+, =R}
   (You found it on level 2 of the Swamp)

   [ring of intelligence]

   Int+6:     It affects your intelligence (+6).
   Dex+3:     It affects your dexterity (+3).
   Slay+4:    It affects your accuracy & damage with ranged weapons and melee
   (+4).
   rElec:     It insulates you from electricity.
   Stlth+:    It makes you more stealthy.
 Q - an amulet of regeneration (around neck)
Wands
 d - a wand of digging (19)
 e - a wand of charming (31)
 f - a wand of flame (31)
 j - a wand of light (25)
 r - a wand of roots (21)
 s - a wand of mindburst (1)
 P - a wand of polymorph (6)
Scrolls
 i - 4 scrolls of identify
 m - 3 scrolls of revelation
 y - a scroll of immolation
 B - 2 scrolls of blinking
 C - 7 scrolls of poison
 E - 6 scrolls of fear
 F - 3 scrolls of fog
 I - 4 scrolls of enchant armour
 J - a scroll of silence {!r}
 M - 3 scrolls of brand weapon
 T - 12 scrolls of teleportation
 U - 3 scrolls of torment
 V - 3 scrolls of vulnerability
 W - 6 scrolls of amnesia
Miscellaneous
 l - a lightning rod (3/4)
 n - a phial of floods
 O - a box of beasts


   Skills:
 + Level 14.1 Fighting
 - Level 18.0 Ranged Weapons
 - Level 2.0 Throwing
 + Level 9.4 Armour
 + Level 7.9 Dodging
 - Level 2.0 Stealth
 - Level 10.0 Spellcasting
 - Level 12.0 Necromancy
 - Level 7.0 Translocations
 + Level 11.4 Invocations
 - Level 5.0 Evocations


You had 30 spell levels left.
You knew the following spells:

 Your Spells              Type           Power      Damage    Failure   Level
s - Fugue of the Fallen   Necr           100%       N/A       1%          3
B - Blink                 Tloc           86%        N/A       1%          2
C - Vampiric Draining     Necr           100%       2d13      1%          3

Your spell library contained the following spells:

 Spells                   Type           Power      Damage    Failure   Level
 Necrotise                Necr           100%       1d9       1%          1
 Lesser Beckoning         Tloc           86%        N/A       1%          2
 Teleport Other           Tloc           43%        N/A       1%          3
 Curse of Agony           Necr           100%       N/A       1%          5
 Cigotuvi's Dreadful Rot  Necr/Alch/Air  100%       N/A       3%          2
 Volatile Blastmotes      Fire/Tloc      54%        2d14      7%          3
 Anguish                  Hex/Necr       36%        N/A       9%          4
 Martyr's Knell           Necr/Summ      73%        N/A       9%          4
 Foxfire                  Conj/Fire      44%        2x1d6     10%         1
 Magic Dart               Conj           44%        1d5       10%         1
 Call Imp                 Summ           22%        N/A       16%         2
 Ensorcelled Hibernation  Hex/Ice        22%        N/A       16%         2
 Jinxbite                 Hex            22%        N/A       16%         2
 Scorch                   Fire           22%        2d5       16%         2
 Static Discharge         Conj/Air       22%        3-4/arc   16%         2
 Vhi's Electric Charge    Tloc/Air       54%        N/A       24%         4
 Borgnjor's Vile Clutch   Necr/Erth      36%        N/A       24%         5
 Dazzling Flash           Conj/Hex       22%        N/A       30%         3
 Frozen Ramparts          Ice            22%        1d4       30%         3
 Mephitic Cloud           Conj/Alch/Air  11%        N/A       30%         3
 Cause Fear               Hex            5%         N/A       69%         4
 Flame Wave               Conj/Fire      11%        2d6       69%         4
 Ignite Poison            Fire/Alch      11%        N/A       69%         4
 Leda's Liquefaction      Alch/Erth      5%         N/A       69%         4
 Olgreb's Toxic Radiance  Alch           11%        N/A       69%         4
 Petrify                  Alch/Erth      11%        N/A       69%         4
 Alistair's Intoxication  Alch           7%         N/A       95%         5
 Fireball                 Conj/Fire      5%         3d5       95%         5
 Freezing Cloud           Conj/Ice/Air   5%         6-21      95%         5
 Metabolic Englaciation   Hex/Ice        5%         N/A       95%         5
 Silence                  Hex/Air        5%         N/A       95%         5
 Yara's Violent Unravell  Hex/Alch       5%         3d4       95%         5
 Eringya's Noxious Bog    Alch           5%         4d6       100%        6
 Plasma Beam              Fire/Air       5%         2x1d16    100%        6
 Starburst                Conj/Fire      5%         6d4       100%        6
 Summon Cactus Giant      Summ           5%         N/A       100%        6
 Enfeeble                 Hex            5%         N/A       100%        7
 Ozocubu's Refrigeration  Ice            5%         4d8       100%        7
 Discord                  Hex            5%         N/A       100%        8
 Maxwell's Capacitive Co  Air            5%         ∞         100%        8
 Chain Lightning          Conj/Air       5%         3d7       100%        9
 Dragon's Call            Summ           5%         N/A       100%        9


Dungeon Overview and Level Annotations

Branches:
Dungeon (15/15) Zot: 25897  Temple (1/1) D:5 Zot: 5998    Lair (5/5) D:10 Zot: 24636
  Swamp (4/4) Lair:3 Zot: 19868  Spider (4/4) Lair:2 Zot: 19558   Slime (0/5) Lair:4
    Orc (2/2) D:10 Zot: 10319     Elf (2/3) Orc:2 Zot: 10323  Vaults (0/5) D:14
 Depths (0/4) D:15          Sewer (visited)           IceCv (visited)
Volcano (visited)         Gauntlet (visited)

Altars:
Ashenzari
Cheibriados
Dithmenos
Fedhas
Gozag
Hepliaklqana
Kikubaaqudgha
Makhleb
Nemelex Xobeh
Okawaru
Qazlal
Ru
Sif Muna
Trog
Uskayaw
Vehumet
Wu Jian
Xom
Yredelemnul

Shops:
D:2 [   D:5 (   D:11 ([   D:13 :   D:15 (*   Orc:1 [   Orc:2 *:(   Elf:2 [

Annotations:
Elf:2 Norris


Innate Abilities, Weirdness & Mutations

Your life essence is reduced to manifest your ancestor. (-10% HP)
You are immune to poison.
Your flesh is cold resistant. (rC+)
You are immune to negative energy. (rN+++)
You are immune to unholy pain and torment.
You are vulnerable to heat. (rF-)
You are strongly in touch with the powers of death.
You do not drink.
You have a special connection with the divine. (Faith)


Message History

Setora hits something with a +0 broad axe of flaming!!
Setora burns something.
You hear a splash.
Reactivating autopickup.
You feel a bit more experienced.
Setora completely misses the skyshark.
Splash!
You fall into the shallow water.
Moving in this stuff is going to be slow.
The skyshark bites Setora but does no damage.
Setora blocks the skyshark's attack. x2
What are your orders? t - Shout!
Anything else - Cancel.
Okay, then.
Setora loses the glow of perfection.
The +5 short sword of freezing hits you.
* * * LOW HITPOINT WARNING * * *
The +5 short sword of freezing freezes you.
* * * LOW HITPOINT WARNING * * *
Setora closely misses the skyshark.
Setora closely misses the +5 short sword of freezing.
Setora hits the +2 battleaxe of electrocution with a +0 broad axe of flaming.
The +2 battleaxe of electrocution falls from the air.
You hear a splash.
Setora misses the +2 scimitar of electrocution.
The skyshark bites Setora but does no damage.
The skyshark barely misses Setora.
The skyshark tail-slaps Setora but does no damage.
Setora blocks the +2 scimitar of electrocution's attack.
The +5 short sword of freezing completely misses you.
Norris calls down the wrath of his god upon you.
The torrent of water misses you.
The wave splashes down.
Splash!
You fall into the shallow water.
Moving in this stuff is going to be slow.
You hear a shout! x3
The +5 short sword of freezing hits you.
* * * LOW HITPOINT WARNING * * *
Setora blocks the skyshark's attack. x3
Setora hits the skyshark with a +0 broad axe of flaming!
Setora burns the skyshark.
Setora hits the +5 short sword of freezing with a +0 broad axe of flaming.
Setora hits the +2 scimitar of electrocution with a +0 broad axe of flaming.
The +5 short sword of freezing hits you but does no damage.
The +2 scimitar of electrocution hits you but does no damage.
The wailing of tortured souls fills the air!
The +5 short sword of freezing hits you but does no damage.
Norris hits you with a +0 long sword!
You die...
Norris says, "Ooh, I'm jealous!"
Hepliaklqana delivers you to your ancestors.

...........
..........
..........
.........
.........
....~~~.#
....~))'#######
....~)~eF~(~..##
.....##.R~@@⌠..##
# ...
#.))(~....## ## .
#.~~~~~~...## ##.
#..~..~~....##
##..
#.⌠..~~~.....#
#...
#............#
##..
##..........⌠#
##. ##......)...#
## ##......)..# #


You could see the friendly Setora the knight (reflecting), Norris, a skyshark
(ally target), a deep elf pyromancer and 2 dancing weapons.

Vanquished Creatures
  the Lernaean hydra (Swamp:4)
  Gastronok (D:8)
  An azure jelly (Swamp:2)
  A ghost moth (Spider:1)
  4 emperor scorpions
  A reaper (IceCv)
  A broodmother (Spider:4)
  7 ghouls
  A minotaur (Gauntlet)
  An eleionoma (Swamp:4)
  2 deep elf annihilators (Elf:1)
  3 spark wasps
  Azrael (D:14)
  4 bunyips
  A dire elephant (D:15)
  The ghost of Kous the Skirmisher, a journeyman DsMo of Dithmenos (D:14)
  An eidolon (D:14)
  An entropy weaver (Spider:4)
  A fire dragon (Lair:5)
  A caustic shrike simulacrum (IceCv)
  5 ogre magi (Orc:2)
  A hell beast (Gauntlet)
  2 ghost crabs (Swamp:1)
  2 jorogumos
  24 hydras
  3 radroaches
  A centaur warrior (D:14)
  15 two-headed ogres
  2 boulder beetles
  6 alligators
  11 dancing weapons
  A death scarab (Gauntlet)
  A tengu warrior (D:15)
  4 demonic crawlers
  3 orc high priests (Orc:2)
  5 deep elf knights
  2 skeletal warriors
  4 pharaoh ants
  A shadow wraith (D:14)
  A skyshark (Lair:3)
  7 swamp dragons
  6 orb spiders
  A spriggan druid (Swamp:2)
  A mana viper (D:15)
  An arcanist (D:14)
  An obsidian statue (IceCv)
  16 bog bodies
  A flayed ghost (D:14)
  3 sun moths (Spider:4)
  9 deep elf archers
  2 orc knights
  A phantasmal warrior (D:14)
  A lindwurm (shapeshifter) (Elf:2)
  5 steelbarb worms
  16 deep elf pyromancers
  A necromancer (D:14)
  3 lindwurms
  11 ugly things
  5 salamanders
  14 deep elf zephyrmancers
  13 wolf spiders
  4 will-o-the-wisps
  2 cyclopes
  11 elephants
  2 manticores (D:12)
  2 moths of wrath (Spider:4)
  4 meliai
  A kobold blastminer (Orc:1)
  6 spectral spriggans (Swamp:1)
  10 black mambas
  17 cane toads
  5 molten gargoyles
  2 gargoyles
  Maggie (D:6)
  An unseen horror (D:11)
  12 komodo dragons
  2 torpor snails
  2 kobold demonologists (D:10)
  4 golden dragon simulacra (IceCv)
  A freezing wraith (IceCv)
  6 trolls
  9 tyrant leeches
  5 polar bears
  A wolf spider simulacrum (D:14)
  2 bloated husks (Swamp:1)
  An alligator simulacrum (IceCv)
  3 hornets
  9 blink frogs
  15 tarantellas
  2 dream sheep (Lair:3)
  17 jumping spiders
  14 culicivoras
  3 slime creatures (D:15)
  A vampire (D:11)
  2 shadows (D:11)
  An air elemental (Elf:2)
  3 water elementals
  4 wraiths
  2 spriggans
  3 wyverns (Lair:5)
  A spectral komodo dragon (Gauntlet)
  Eustachio (D:6)
  4 fire elementals
  6 basilisks
  7 wargs (Orc:2)
  48 yaks
  25 redbacks
  14 vampire mosquitoes
  3 steam dragons
  A naga (D:15)
  Edmund (D:6)
  4 swamp worms
  14 water moccasins
  An acid dragon (D:11)
  7 hell hounds
  Pargi (D:3)
  3 ice beasts
  13 orc warriors
  4 ettin simulacra (IceCv)
  17 ogres
  2 sky beasts (D:7)
  5 swamp drakes (Swamp:4)
  14 wolves
  8 centaurs
  A phantom (D:6)
  3 kobold brigands
  15 bullfrogs
  A necrophage (Swamp:4)
  2 gnoll sergeants
  A scorpion (D:6)
  2 deep troll simulacra (IceCv)
  7 wights
  2 earth elementals
  3 howler monkeys
  5 lava snakes (Lair:5)
  3 hounds (D:6)
  2 bombardier beetles
  A gnoll bouda (D:8)
  4 jellies
  20 orc priests
  4 iguanas
  19 orc wizards
  11 adders
  18 gnolls
  2 shadow imps (D:5)
  4 white imps
  2 ufetubi (D:5)
  3 ribbon worms
  10 dart slugs
  82 orcs
  7 endoplasms
  6 giant cockroaches (Sewer)
  4 hobgoblins
  15 kobolds
  9 quokkas
  9 ball pythons
  4 bats
  6 frilled lizards
  12 goblins
  8 rats
  A butterfly (Lair:3)
951 creatures vanquished.

Vanquished Creatures (collateral kills)
  Jorgrun (Orc:1)
  A thorn hunter (Swamp:2)
  Roxanne (Swamp:1)
  Aizul (Swamp:3)
  3 ghost moths
  A reaper (IceCv)
  2 ghouls
  2 eleionomae
  2 bunyips
  5 slime creatures
  2 entropy weavers
  3 hydras
  2 ghost crabs
  Erolcha (D:11)
  A caustic shrike simulacrum (IceCv)
  An ogre mage (D:15)
  6 dancing weapons
  A centaur warrior (D:13)
  4 two-headed ogres (Orc:2)
  An alligator (Swamp:4)
  2 orc high priests (Orc:2)
  3 deep elf knights (Elf:2)
  A hell knight (Volcano)
  2 skysharks (Elf:2)
  A shadow wraith (D:14)
  A goliath frog (Swamp:4)
  6 skeletal warriors
  A swamp dragon (Swamp:4)
  A bog body (Swamp:1)
  An arcanist (D:14)
  2 deep elf archers
  3 orb spiders (Spider:4)
  An obsidian statue (IceCv)
  3 deep elf zephyrmancers (Elf:1)
  A steelbarb worm (Spider:2)
  2 spriggan simulacra (IceCv)
  An orc knight (D:14)
  5 deep elf pyromancers
  4 ugly things
  2 cyclopes (D:14)
  8 wolf spiders
  2 manticores
  2 will-o-the-wisps (Swamp:1)
  A moth of wrath (Spider:1)
  A salamander (Volcano)
  2 elephants
  A meliai (Spider:2)
  A kobold blastminer (Orc:1)
  3 spectral spriggans (Swamp:1)
  2 torpor snails
  A cane toad (Lair:5)
  2 komodo dragons (Lair:3)
  7 freezing wraiths
  A bloated husk (Swamp:1)
  A hornet (Swamp:3)
  2 dream sheep (Lair:3)
  A spectral dream sheep (Gauntlet)
  7 tarantellas
  3 culicivoras
  3 jumping spiders (Spider:3)
  2 air elementals
  A wraith (D:14)
  A fire elemental (Elf:1)
  2 wyverns
  10 yaks
  4 vampire mosquitoes
  3 wargs (Orc:2)
  16 redbacks
  A basilisk (Lair:1)
  A minotaur simulacrum (IceCv)
  A naga (D:15)
  A hydra simulacrum (IceCv)
  A water moccasin (Lair:5)
  2 hell hounds (D:14)
  An orc warrior (Orc:2)
  2 swamp drakes (Swamp:4)
  3 wolves
  A bullfrog (Lair:2)
  2 orc priests (Orc:1)
  2 orc wizards
  A dart slug (D:2)
  13 orcs
  A bat (D:2)
  A goblin (D:2)
  2 rats (D:2)
  A butterfly (Lair:3)
211 creatures vanquished.

Vanquished Creatures (others)
  A hydra (Swamp:2)
  A deep elf knight (Elf:2)
  An arcanist (D:14)
  A bog body (Swamp:4)
  5 bloated husks
  A troll (D:12)
  A tyrant leech (Swamp:3)
  A culicivora (Spider:4)
  A redback (Spider:4)
  A vampire mosquito (D:11)
  26 knights
  3 ancestors
  An orc (Orc:1)
  6 foxfires
50 creatures vanquished.

Grand Total: 1212 creatures vanquished

Notes
Turn   | Place    | Note
-------+----------+-------------------------------------------
     0 | D:1      | Ge0ff the Mummy Artificer began the quest for the Orb.
     0 | D:1      | Reached XP level 1. HP: 15/15 MP: 1/1
   195 | D:1      | Reached skill level 1 in Stealth
   321 | D:1      | Reached XP level 2. HP: 18/21 MP: 2/2
   839 | D:2      | Reached XP level 3. HP: 14/27 MP: 3/3
  1276 | D:2      | Found Xeilug's Armour Boutique.
  1420 | D:2      | Reached XP level 4. HP: 34/34 MP: 4/4
  1618 | D:2      | Found Xeilug's Armour Boutique.
  2095 | D:3      | Noticed Pargi
  2099 | D:3      | Found a faded altar of an unknown god.
  2187 | D:3      | Identified a scroll of acquirement
  2187 | D:3      | Acquired a +1 hand cannon of freezing
  2191 | D:3      | Found a glowing drain.
  2212 | Sewer    | Entered a sewer
  2338 | Sewer    | Reached skill level 1 in Ranged Weapons
  2379 | Sewer    | Noticed a bullfrog
  2384 | Sewer    | Killed a bullfrog
  2385 | Sewer    | Reached skill level 2 in Ranged Weapons
  2385 | Sewer    | Reached XP level 5. HP: 35/40 MP: 3/5
  2552 | Sewer    | Reached skill level 3 in Ranged Weapons
  2552 | Sewer    | Reached XP level 6. HP: 46/46 MP: 6/6
  2576 | Sewer    | Acquired a +4 ring of protection
  3030 | D:3      | Reached skill level 4 in Ranged Weapons
  3178 | D:3      | Killed Pargi
  3568 | D:4      | Reached XP level 7. HP: 38/51 MP: 4/7
  3656 | D:4      | Reached skill level 5 in Ranged Weapons
  3733 | D:4      | Found a stormy altar of Qazlal.
  3736 | D:4      | Found an iron altar of Okawaru.
  3866 | D:4      | Found a basalt altar of Yredelemnul.
  4513 | D:5      | Entered Level 5 of the Dungeon
  4749 | D:5      | Reached skill level 1 in Dodging
  4851 | D:5      | Found a staircase to the Ecumenical Temple.
  4873 | Temple   | Entered the Ecumenical Temple
  4945 | D:5      | Reached skill level 6 in Ranged Weapons
  5081 | D:5      | Found a transporter.
  5083 | D:5      | Found Juarph's Antique Weapon Boutique.
  5085 | D:5      | Found a transporter.
  5121 | D:5      | Reached XP level 8. HP: 43/57 MP: 5/8
  5469 | D:6      | Reached skill level 7 in Ranged Weapons
  5758 | D:6      | Noticed Edmund
  5775 | D:6      | Killed Edmund
  5886 | D:6      | Reached skill level 8 in Ranged Weapons
  5887 | D:6      | Noticed Eustachio
  5900 | D:6      | Killed Eustachio
  5957 | D:6      | Noticed Maggie
  5963 | D:6      | Killed Maggie
  5964 | D:6      | Reached skill level 9 in Ranged Weapons
  5964 | D:6      | Reached XP level 9. HP: 62/62 MP: 9/9
  6633 | D:7      | Reached skill level 10 in Ranged Weapons
  6717 | D:7      | Found a blossoming altar of Fedhas.
  7101 | D:7      | Reached skill level 11 in Ranged Weapons
  7691 | D:8      | Reached XP level 10. HP: 56/69 MP: 8/10
  7786 | D:8      | Reached skill level 12 in Ranged Weapons
  7912 | D:8      | Acquired 1066 gold pieces
  8524 | D:8      | Noticed Gastronok
  8534 | D:8      | Killed Gastronok
  8535 | D:8      | Reached skill level 13 in Ranged Weapons
  9070 | D:9      | Noticed a two-headed ogre
  9177 | D:9      | Killed a two-headed ogre
  9178 | D:9      | Reached XP level 11. HP: 75/75 MP: 11/11
  9354 | D:9      | Found a hazy altar of Hepliaklqana.
  9364 | D:9      | Became a worshipper of Hepliaklqana the Forgotten
  9860 | D:10     | Entered Level 10 of the Dungeon
  9881 | D:10     | Identified the +11 falchion "Zax Dean" {heavy, rC+ Int+3}
  9894 | D:10     | Found a shimmering blue altar of Sif Muna.
  9945 | D:10     | Found a staircase to the Orcish Mines.
  9958 | D:10     | Noticed a purple ugly thing
  9974 | D:10     | Killed a purple ugly thing
 10048 | D:10     | Found a staircase to the Lair.
 10269 | D:10     | Found a radiant altar of Vehumet.
 10355 | D:11     | Noticed a two-headed ogre
 10378 | D:11     | Killed a two-headed ogre
 10519 | D:11     | Found Vozog's Antique Armour Emporium.
 10714 | D:11     | Reached * piety under Hepliaklqana
 10761 | D:11     | Reached skill level 14 in Ranged Weapons
 10785 | D:11     | Reached skill level 5 in Fighting
 10865 | D:11     | Found Doewuilyni's Weapon Shoppe.
 10895 | D:11     | Noticed Erolcha
 10902 | D:11     | Killed Erolcha
 10951 | D:11     | Reached skill level 5 in Evocations
 11345 | D:12     | Reached XP level 12. HP: 77/77 MP: 12/12
 11449 | D:12     | Found a gate leading to a gauntlet.
 11480 | D:12     | Found the +4 robe of Augmentation {Str+4 Int+4 Dex+4}
 11509 | Gauntlet | Entered a Gauntlet
 11509 | Gauntlet | Noticed a great orb of eyes
 11509 | Gauntlet | Found a transporter.
 11517 | Gauntlet | Noticed a death yak
 11518 | Gauntlet | Found a transporter.
 11519 | Gauntlet | Noticed a death yak
 11521 | Gauntlet | Noticed a death yak
 11523 | Gauntlet | Noticed a death yak
 11524 | Gauntlet | Noticed a death yak
 11534 | Gauntlet | Found a transporter.
 11534 | Gauntlet | Found the +16 obsidian axe {drain, demonic, Mesm ^Drain Fly
                  | SInv}
 11538 | Gauntlet | Found a transporter.
 11548 | Gauntlet | Found a transporter.
 11568 | Gauntlet | Found a transporter.
 11569 | Gauntlet | Noticed a death scarab
 11572 | Gauntlet | Found a transporter.
 11573 | Gauntlet | Noticed a death scarab
 11575 | Gauntlet | Found a transporter.
 11577 | Gauntlet | Noticed a hell beast
 11602 | Gauntlet | Found a transporter.
 11603 | Gauntlet | Reached ** piety under Hepliaklqana
 11604 | Gauntlet | Remembered your ancestor Setora as a knight
 11613 | Gauntlet | Found a transporter.
 11613 | Gauntlet | Found a transporter.
 11614 | Gauntlet | Noticed a four-headed hydra
 11650 | Gauntlet | Found a transporter.
 11722 | Gauntlet | Killed a hell beast
 11731 | Gauntlet | Identified the +2 cloak of Necaofon {rC+}
 11759 | Gauntlet | Killed a death scarab
 11894 | Gauntlet | Noticed a minotaur
 11915 | Gauntlet | Killed a minotaur
 11940 | Gauntlet | Got Luyth's Disquisition on Orientation
 12317 | D:12     | Reached skill level 5 in Dodging
 12457 | D:12     | Learned a level 2 spell: Blink
 12461 | D:12     | Learned a level 3 spell: Fugue of the Fallen
 12465 | D:12     | Learned a level 3 spell: Vampiric Draining
 12526 | Lair:1   | Entered Level 1 of the Lair of Beasts
 12629 | Lair:1   | Reached skill level 1 in Spellcasting
 12665 | Lair:1   | Noticed a four-headed hydra
 12670 | Lair:1   | Killed a four-headed hydra
 12671 | Lair:1   | Reached skill level 1 in Necromancy
 12671 | Lair:1   | Reached skill level 1 in Invocations
 12757 | Lair:1   | Reached skill level 15 in Ranged Weapons
 12757 | Lair:1   | Reached skill level 1 in Translocations
 12930 | Lair:1   | Reached *** piety under Hepliaklqana
 12982 | Lair:1   | Noticed a boulder beetle
 12995 | Lair:1   | Killed a boulder beetle
 13407 | Lair:2   | Gained mutation: You are strongly in touch with the powers
                  | of death. [Mummy growth]
 13407 | Lair:2   | Reached XP level 13. HP: 60/86 MP: 12/18
 13657 | Lair:2   | Found a dark tunnel.
 13662 | Volcano  | Entered a volcano
 13716 | Volcano  | Reached **** piety under Hepliaklqana
 13967 | Volcano  | Noticed an orb of fire
 14021 | Volcano  | Reached skill level 1 in Throwing
 14097 | Volcano  | Noticed an orb of fire
 14328 | Lair:2   | Found a hole to the Spider Nest.
 14786 | Lair:3   | Reached skill level 5 in Spellcasting
 14862 | Lair:3   | Found a staircase to the Swamp.
 15637 | Lair:4   | Reached ***** piety under Hepliaklqana
 16022 | Lair:4   | Reached XP level 14. HP: 88/95 MP: 19/23
 16292 | Lair:4   | Found a staircase to the Slime Pits.
 16571 | Lair:5   | Entered Level 5 of the Lair of Beasts
 16575 | Lair:5   | Reached skill level 16 in Ranged Weapons
 16575 | Lair:5   | Reached skill level 5 in Necromancy
 17128 | Lair:5   | Reached skill level 5 in Invocations
 17721 | Lair:5   | Found a large runed translucent door.
 17821 | Lair:5   | Found a large runed translucent door.
 17969 | Lair:5   | Reached skill level 5 in Translocations
 17979 | Lair:5   | Identified the +0 ring mail of Fuzzy Leaves {^Drain Dex+5}
 18197 | Orc:1    | Entered Level 1 of the Orcish Mines
 18399 | Orc:1    | Found Emonuaf's Armour Boutique.
 18448 | Orc:1    | Bought the +2 hat of the Bear Spirit {Spirit, Bear, *Rage
                  | Will++} for 418 gold pieces
 18448 | Orc:1    | Found the +2 hat of the Bear Spirit {Spirit, Bear, *Rage
                  | Will++}
 18448 | Orc:1    | Bought the +4 swamp dragon scales "Xedotobi" {rPois rF+
                  | Regen+} for 1008 gold pieces
 18627 | Orc:2    | Entered Level 2 of the Orcish Mines
 18676 | Orc:1    | Noticed Jorgrun
 18686 | Orc:1    | Killed Jorgrun
 18832 | Orc:2    | Found a staircase to the Elven Halls.
 18967 | Orc:2    | Reached XP level 15. HP: 81/102 MP: 10/27
 19168 | Orc:2    | Found Vasoh's Assorted Antiques.
 19177 | Orc:2    | Bought a scroll of blinking for 232 gold pieces
 19177 | Orc:2    | Bought a blackened fluorescent wand for 124 gold pieces
 19485 | Orc:2    | Found Helemutz's Weapon Shoppe.
 19578 | Orc:2    | Found Juwueff's Book Emporium.
 19957 | D:13     | Found Guxeit's Book Shoppe.
 20084 | D:13     | Found a basalt altar of Yredelemnul.
 20723 | D:13     | Reached skill level 10 in Fighting
 21464 | D:14     | Reached ****** piety under Hepliaklqana
 21532 | D:14     | Reached skill level 17 in Ranged Weapons
 21537 | D:14     | Acquired 558 gold pieces
 21550 | D:14     | Noticed Azrael
 21561 | D:14     | Killed Azrael
 22085 | D:14     | Found a runed translucent gate.
 22085 | D:14     | Found a runed translucent gate.
 22085 | D:14     | Found a runed translucent gate.
 22087 | D:14     | Noticed Kous's ghost (journeyman DsMo)
 22268 | D:14     | Found a gate to the Vaults.
 22456 | D:15     | Entered Level 15 of the Dungeon
 22632 | D:15     | Found a staircase to the Depths.
 22871 | D:15     | Found Funugreq's Antique Weapon Emporium.
 22903 | D:15     | Reached XP level 16. HP: 103/110 MP: 25/29
 22976 | D:15     | Found Nuxzonn's Serpentskin Sales.
 22996 | D:15     | Bought 5 curare-tipped darts for 120 gold pieces
 22996 | D:15     | Bought 3 curare-tipped darts for 72 gold pieces
 22996 | D:15     | Bought a scroll of poison for 80 gold pieces
 22996 | D:15     | Bought a scroll of poison for 80 gold pieces
 23305 | Swamp:1  | Entered Level 1 of the Swamp
 23418 | Swamp:1  | Noticed Roxanne
 23918 | Swamp:1  | Reached skill level 10 in Spellcasting
 24076 | Swamp:1  | Reached skill level 5 in Armour
 24328 | Swamp:1  | Killed Roxanne
 24397 | Swamp:2  | Noticed a thorn hunter
 24486 | Swamp:2  | Found a glacial archway.
 24492 | IceCv    | Entered an ice cave
 25951 | Swamp:2  | Identified the ring of Ussak {rElec Int+6 Dex+3 Slay+4
                  | Stlth+}
 26054 | Swamp:2  | Killed a thorn hunter
 26403 | Swamp:3  | Identified the serpent talisman "Loukloe" {rElec Slay+2}
 26403 | Swamp:3  | Noticed Aizul
 26415 | Swamp:3  | Killed Aizul
 26474 | Swamp:3  | Reached skill level 18 in Ranged Weapons
 26798 | Swamp:4  | Entered Level 4 of the Swamp
 26804 | Swamp:4  | Reached XP level 17. HP: 105/117 MP: 22/31
 27322 | Swamp:4  | Noticed the 27-headed Lernaean hydra
 27525 | Swamp:4  | Killed the 26-headed Lernaean hydra
 27526 | Swamp:4  | Reached skill level 10 in Necromancy
 27686 | Swamp:4  | Got a decaying rune of Zot
 28067 | Spider:1 | Entered Level 1 of the Spider Nest
 30205 | Spider:3 | Reached XP level 18. HP: 127/127 MP: 5/32
 30535 | Spider:3 | Reached skill level 10 in Invocations
 31061 | Spider:4 | Entered Level 4 of the Spider Nest
 31180 | Spider:4 | Identified the +8 shortbow of Ymapt {elec, rElec rCorr
                  | Str+3}
 31859 | Spider:4 | Found the +0 pair of fencer's gloves {Riposte Dex+3}
 32116 | Spider:4 | Got a gossamer rune of Zot
 32620 | D:14     | Killed Kous's ghost
 32679 | D:14     | Identified the ring of the Mackerel {rF+ rCorr MP+9 Str-3
                  | Int+6}
 32870 | Elf:1    | Entered Level 1 of the Elven Halls
 33235 | Elf:1    | Paralysed by an air elemental for 1 turns
 33343 | Elf:1    | Got the Almanac of Confrontation
 34074 | Elf:2    | Paralysed by an air elemental for 1 turns
 34124 | Elf:2    | Reached XP level 19. HP: 135/135 MP: 33/33
 34141 | Elf:2    | Found Souhat's Armour Boutique.
 34288 | Elf:2    | Found a runed translucent gate.
 34289 | Elf:2    | Found a runed translucent gate.
 34289 | Elf:2    | Found a runed translucent gate.
 34503 | Elf:2    | Noticed Norris
 34519 | Elf:2    | HP: 2/136 [Norris/+0 long sword (21)]
 34523 | Elf:2    | Mangled by Norris

Illustrated notes

Levels and vault maps discovered:
D:1:      nagdon_arrival_double_spiral, layout_rooms
D:2:      layout_loops_ring, serial_shops, nicolae_shop_real_fake_doors,
          minmay_nonomino_d4
D:3:      layout_basic, ebering_ecumenical_altar_rust,
          cheibrodos_sewer_entry_bend, minmay_goblin_outpost, uniq_pargi
D:4:      layout_basic, mainiacjoe_overflow_catwalk, nicolae_overflow_squiral,
          kennysheep_opposing_triangles
D:5:      layout_basic, overflow_temple_1_default,
          minmay_temple_entry_offerings, serial_shops, nicolae_shop_drivethru
D:6:      layout_loops_corners, dreamdust_gnoll_farm, uniq_eustachio,
          uniq_maggie, uniq_edmund
D:7:      layout_loops_corners, fedhas_bush_and_centaur_altar,
          serial_bayou_crossing
D:8:      layout_basic, uniq_gastronok
D:9:      layout_cave_pods, nicolae_hepliaklqana_hazy_memory
D:10:     layout_rooms, lemuel_doored_altar,
          mainiacjoe_overflow_surrounded_room, orc_0_dummy
D:11:     layout_long_grid, serial_shops, shop, nicolae_shop_advertising_works
          [nicolae_subvault_shop_adworks], uniq_erolcha
D:12:     layout_rooms, gauntlet_entry_generic, nicolae_benzene_ring
D:13:     layout_stronghold, serial_shops, nicolae_shop_hallway_plus,
          yredelemnul_altar_generic
D:14:     layout_gridville, david_vaults_1, minmay_misc_feat_tower,
          gammafunk_ghost_spectres, zin_statuary, uniq_azrael
D:15:     hangedman_depths_entry_try_elsewhere_first, layout_small_grid,
          serial_shops, shop, minmay_misc_feat_five, guppyfry_shop_venom
Temple:   minmay_temple_curvy_branch
Lair:1:   layout_regular_city, grunt_megastairs_2
Lair:2:   layout_chaotic_city, spider_nest_entry_webs, enter_volcano_4,
          beast_lair_carwin_7
Lair:3:   layout_cave_pods, minmay_swamp_entry_worms, grunt_megastairs_4,
          lemuel_fruit_fields
Lair:4:   layout_gridlike, slime_entry_1, infiniplex_staircase_pool_2
Lair:5:   cheibrodos_lair_end_hotspot, layout_gridlike
Swamp:1:  nicolae_swamp_flooded_prison, layout_falls_marsh,
          evilmike_swamp_ruin_rubble_2, uniq_roxanne
Swamp:2:  layout_basic_swamp, portal_ice_cave_entry_horrid_things,
          hangedman_swamp_ruin_wall, hangedman_swamp_lotus
Swamp:3:  layout_falls_marsh, nicolae_swamp_rocky_clearing, uniq_aizul
Swamp:4:  grunt_swamp_rune_castle, layout_basic_swamp,
          nicolae_swamp_decorative_isthmus
Spider:1: layout_spider_delve
Spider:2: layout_spider_delve
Spider:3: layout_spider_delve
Spider:4: grunt_spider_rune_island
Orc:1:    layout_caves, serial_shops, shop, uniq_jorgrun
Orc:2:    st_orc_town, layout_caves, mines2_david
Elf:1:    layout_gridlike, minmay_elf_annihilation, grunt_ministairs_11,
          roderic_lattice_octagonal_star
Elf:2:    nicolae_elf_blades_crystal_corner, layout_geoelf_octagon,
          serial_shops, shop, uniq_norris

Skill      XL: |  1  2  3  4  5  6  7  8  9 10 11 12 13 14 15 16 17 18 19 |
---------------+----------------------------------------------------------+-----
Stealth        | 1 2 |  2.0
Fighting       | 2 3 5 7 8 9 10 11 12 13 14 | 14.1
Ranged Weapons | 2 3 4 6 9 11 13 14 15 16 17 18 | 18.0
Evocations     | 3 5 |  5.0
Dodging        | 1 4 5 7 |  7.9
Armour         | 2 4 5 7 9 |  9.4
Spellcasting   | 3 6 8 9 10 | 10.0
Necromancy     | 2 4 6 7 9 10 12 | 12.0
Invocations    | 2 4 5 6 8 9 11 | 11.4
Translocations | 2 3 5 6 7 |  7.0
Throwing       | 2 |  2.0

Action                     |  1- 3 |  4- 6 |  7- 9 | 10-12 | 13-15 | 16-18 | 19-21 || total
---------------------------+-------+-------+-------+-------+-------+-------+-------++-------
  Melee: Club              |    84 |       |       |       |       |       |       ||    84
         Punch             |     7 |     2 |       |       |       |       |       ||     9
         Short sword       |    63 |       |       |       |       |       |       ||    63
         Dagger            |    29 |    16 |       |       |       |       |       ||    45
         Hand cannon       |       |       |       |       |       |       |     1 ||     1
   Fire: Hand cannon       |       |   111 |   297 |   468 |   935 |  1177 |    51 ||  3039
  Throw: Stone             |     2 |       |       |       |       |       |       ||     2
         Dart              |       |       |       |     3 |       |       |       ||     3
         Throwing net      |       |       |       |     1 |       |       |       ||     1
   Cast: Fugue of the Fall |       |       |       |       |    32 |    22 |     3 ||    57
         Blink             |       |       |       |       |       |     4 |       ||     4
 Invoke: Ancestor Identity |       |       |       |     1 |       |       |       ||     1
         Ancestor Life: Kn |       |       |       |     1 |       |       |       ||     1
         Idealise          |       |       |       |       |     8 |    19 |     1 ||    28
         Recall Ancestor   |       |       |       |       |     2 |     5 |       ||     7
  Evoke: Wand              |     4 |     1 |       |    18 |     5 |    20 |     3 ||    51
         Lightning rod     |       |       |       |     4 |    13 |    16 |       ||    33
         Box of beasts     |       |       |       |     1 |     2 |       |       ||     3
         Phial of floods   |       |       |       |       |     1 |     1 |       ||     2
    Use: Scroll            |       |     5 |     1 |    11 |     7 |    18 |       ||    42
   Stab: Sleeping          |     1 |       |       |       |       |       |       ||     1
 Armour: Leather armour    |    99 |    13 |       |     6 |    26 |       |       ||   144
         Robe              |       |    13 |    90 |   119 |   110 |       |       ||   332
         Swamp dragon scal |       |       |       |       |   116 |   697 |    32 ||   845
  Dodge: Dodged            |   118 |    42 |   147 |   145 |   336 |   402 |    14 ||  1204

Table legend: (Time is in decaauts)
 A = Elapsed time spent in this place.
 B = Non-inter-level travel time spent in this place.
 C = Inter-level travel time spent in this place.
 D = Time resting spent in this place.
 E = Time spent auto-exploring this place.
 F = Levels seen in this place.
 G = Mean time per level.
                   A        B        C        D        E       F      G
               +--------+--------+--------+--------+--------+-----+--------+
         Total |  35494 |  32734 |   2760 |   2111 |  22161 |  37 |  959.3 |
       Dungeon |  15507 |  14088 |   1419 |    389 |  10484 |  15 | 1033.8 |
        Temple |      1 |      1 |      0 |      0 |      0 |   1 |    1.0 |
          Lair |   5363 |   4878 |    485 |     54 |   3591 |   5 | 1072.6 |
         Swamp |   4131 |   3933 |    198 |    671 |   2207 |   4 | 1032.8 |
   Spider Nest |   4441 |   3933 |    508 |    392 |   2498 |   4 | 1110.2 |
  Orcish Mines |   1680 |   1582 |     98 |     31 |   1034 |   2 |  840.0 |
   Elven Halls |   1674 |   1626 |     48 |     23 |   1129 |   2 |  837.0 |
         Sewer |    716 |    716 |      0 |    102 |    423 |   1 |  716.0 |
      Ice Cave |    823 |    823 |      0 |    268 |    250 |   1 |  823.0 |
       Volcano |    586 |    586 |      0 |    100 |    257 |   1 |  586.0 |
      Gauntlet |    567 |    567 |      0 |     81 |    287 |   1 |  567.0 |
               +--------+--------+--------+--------+--------+-----+--------+

Top non-repeatable levels by time:
    D:13: 1449 daAuts
  Lair:5: 1436 daAuts
    D:14: 1424 daAuts
 Swamp:2: 1258 daAuts
Spider:3: 1230 daAuts
     D:6: 1200 daAuts
     D:9: 1194 daAuts
  Lair:4: 1176 daAuts
Spider:4: 1171 daAuts
 Swamp:1: 1156 daAuts
Spider:2: 1147 daAuts
     D:2: 1134 daAuts
     D:7: 1083 daAuts
     D:8: 1053 daAuts
    D:11: 1046 daAuts
